Map: Acid Plant LE

Players

Mao

  • Race: Zerg Zerg
  • League: Platinum
  • Spawn Location: 11:00

Baal - Winner!

  • Race: Protoss Protoss
  • League: Platinum
  • Spawn Location: 5:00

VOD

Have the link to the VOD?

Description

Time

  • Played on: July 24, 2018, 2:28 p.m.
  • Length: 8:26
Show
View Real Time Build Order
Export as new Build Order

Mao Zerg 

Build Orders: Hatch First 

Get SALT Encoding   

  12  0:03  Drone  
  13  0:13  Overlord  
  13  0:17  Drone  
  14  0:31  Drone x2  
  14  0:35  Drone  
  17  0:54  Hatchery  
  17  0:56  Drone  
  17  1:03  Drone  
  18  1:07  Drone  
  19  1:11  Extractor  
  18  1:22  Spawning Pool, Drone  
  18  1:36  Drone  
  19  1:43  Drone  
  20  1:51  Drone  
  21  2:02  Overlord  
  21  2:08  Queen x2  
  21  2:10  Drone  
  21  2:14  Drone  
  27  2:18  Drone  
  27  2:25  Drone  
  28  2:30  Extractor  
  28  2:31  Overlord  
  28  2:34  Metabolic Boost  
  28  2:35  Drone  
  28  3:00  Drone x4  
  34  3:07  Lair  
  34  3:11  Evolution Chamber, Drone x2  
  34  3:12  Drone  
  34  3:13  Evolution Chamber  
  31  3:24  Zergling x8  
  35  3:28  Drone x2  
  35  3:31  Drone  
  35  3:33  Drone  
  39  3:36  Drone  
  40  3:41  Drone  
  40  3:45  Extractor  
  37  3:49  Extractor  
  37  3:50  Zergling x2  
  37  3:51  Zergling x2  
  32  4:06  Drone x7  
  34  4:24  Drone  
  34  4:25  Drone x3  
  37  4:38  Drone x2  
  39  4:45  Queen  
  41  4:46  Drone  
  41  4:50  Overlord  
  42  4:58  Hatchery  
  41  5:14  Drone  
  41  5:15  Drone x8  
  41  5:19  Spore Crawler  
  49  5:23  Spore Crawler  
  49  5:27  Hydralisk Den  
  47  5:28  Zerg Melee Weapons Level 1  
  47  5:37  Drone x4  
  47  5:40  Zerg Missile Weapons Level 1  
  51  5:53  Drone  
  51  5:54  Overlord x2  
  52  6:17  Overseer  
  52  6:23  Queen  
  52  6:24  Drone x2  
  52  6:25  Drone x10  
  66  6:36  Muscular Augments, Infestation Pit  
  65  6:40  Zergling x2  
  65  6:41  Overlord x2  
  66  6:52  Overlord x2  
  66  6:59  Zergling x10  
  66  7:00  Zergling x4  
  63  7:17  Zergling x16  
  52  7:25  Zergling x12  
  52  7:29  Pneumatized Carapace  
  54  7:31  Hydralisk  
  54  7:40  Hydralisk x5  
  57  7:48  Hydralisk  
  62  7:56  Hydralisk  
Show
View Real Time Build Order
Export as new Build Order

Baal Protoss - Winner!

Build Orders: Zealot Archon 

Get SALT Encoding   

  12  0:01  Probe  
  13  0:13  Probe  
  14  0:20  Pylon  
  14  0:24  Probe  
  15  0:34  Probe  
  15  0:39  Gateway  
  16  0:43  Probe  
  16  0:49  Assimilator  
  17  0:55  Assimilator  
  17  0:57  Probe  
  18  1:08  Gateway  
  18  1:09  Probe  
  19  1:21  Pylon  
  19  1:28  Cybernetics Core  
  19  1:29  Probe  
  20  1:41  Probe  
  20  1:44  Pylon  
  21  1:54  Probe  
  21  1:56  Warp Gate  
  22  2:05  Adept x2  
  26  2:14  Probe  
  27  2:19  Pylon  
  27  2:32  Adept x2  
  31  2:37  Probe  
  31  3:03  Nexus  
  31  3:26  Twilight Council  
  31  3:30  Gateway  
  31  3:34  Gateway  
  31  4:08  Charge  
  29  4:10  Pylon  
  29  4:12  Forge  
  27  4:30  Probe x2  
  25  4:35  Protoss Ground Weapons Level 1  
  25  4:38  Probe x2  
  27  4:46  Probe x2  
  27  4:52  Templar Archives  
  29  4:54  Assimilator  
  29  4:58  Probe x2  
  29  4:59  Assimilator  
  31  5:10  Probe x2  
  33  5:19  Zealot  
  33  5:20  Zealot x3  
  33  5:21  Probe  
  41  5:22  Probe  
  43  5:29  Probe  
  43  5:30  Probe  
  45  5:37  Probe  
  45  5:38  Probe  
  45  5:41  High Templar x2  
  45  5:42  High Templar x2  
  55  5:46  Archon, Pylon  
  55  5:47  Archon  
  55  5:54  Probe x2  
  57  6:06  Probe  
  57  6:07  Probe  
  57  6:09  Pylon  
  59  6:14  Zealot  
  59  6:15  Zealot x3  
  67  6:19  Protoss Ground Armor Level 1  
  67  6:27  Gateway  
  67  6:42  Probe x2  
  67  6:44  Zealot x3  
  75  6:55  Gateway  
  75  6:57  Gateway  
  75  6:58  Gateway  
  75  7:00  Gateway  
  75  7:33  Nexus  
  75  7:43  Pylon  
  75  7:44  Pylon  
  75  8:04  Zealot x3  
  75  8:05  Zealot x5  
  91  8:14  Pylon  
  91  8:16  Pylon  
  91  8:18  Pylon  
Tags
 
Add a new tag
Caveats
  • Supply blocks, unpowered buildings, or Contaminate may cause inaccurate times.
  • Supply counts are checked every 10 seconds.